 Dungeon Crawl Stone Soup version 0.19.5 (webtiles) character file.

54 miragecloak the Cudgeler (level 3, -1/31 HPs)
             Began as a Draconian Abyssal Knight on Apr 21, 2017.
             Was a Follower of Lugonu.
             Killed by divine providence
             ... invoked by an orc priest
              (10 damage)
             ... on level 2 of the Dungeon.
             The game lasted 00:02:30 (1980 turns).

miragecloak the Cudgeler (Draconian Abyssal Knight) Turns: 1980, Time: 00:02:31

Health: -1/31      AC:  6    Str: 14    XL:     3   Next: 66%
Magic:  5/5        EV: 12    Int: 12    God:    Lugonu [*.....]
Gold:   79         SH:  0    Dex: 11    Spells: 0 memorised, 2 levels left

rFire  . . .     SeeInvis .     a - +1 mace
rCold  . . .     Gourm    .     (armour unavailable)
rNeg   . . .     Faith    .     (no shield)
rPois  .         Spirit   .     (helmet restricted)
rElec  .         Reflect  .     (no cloak)
rCorr  .         Harm     .     (no gloves)
MR     .....                    e - +0 pair of boots
Stlth  +.........               (no amulet)
                                (no ring)
                                (no ring)

@: no status effects
A: unfitting armour, cold-blooded, AC +5
a: Depart the Abyss, Renounce Religion


You were on level 2 of the Dungeon.
You worshipped Lugonu.
Lugonu was aware of your devotion.
You were hungry.

You visited 1 branch of the dungeon, and saw 3 of its levels.
You visited the Abyss 1 time.

You collected 79 gold pieces.

Inventory:

Hand Weapons
 a - a +1 mace (weapon)
Armour
 e - a +0 pair of boots (worn)
 g - a +0 shield
Scrolls
 c - a scroll of fear {unknown}
 d - 2 scrolls of remove curse {unknown}
 h - a scroll of identify {unknown}
 i - 2 scrolls of magic mapping {unknown}
Potions
 f - a potion of cancellation {unknown}
 k - a potion of lignification {unknown}
Books
 l - a book of Misfortune

   Spells                             Type                      Level
   a - Confusing Touch                Hexes                        1
   b - Confuse                        Hexes                        3
   c - Gell's Gravitas                Hexes/Translocation          3
   d - Petrify                        Transmutation/Earth          4
   e - Metabolic Englaciation         Hexes/Ice                    5
   f - Yara's Violent Unravelling     Hexes/Transmutation          5
Comestibles
 b - 2 bread rations


   Skills:
 - Level 3.2 Fighting
 + Level 3.4 Maces & Flails
 - Level 2.1 Dodging
 + Level 3.0 Invocations


You had 2 spell levels left.
You didn't know any spells.

Dungeon Overview and Level Annotations

Branches:
Dungeon (3/15)

Altars:


Innate Abilities, Weirdness & Mutations

Your plain brown scales are hard. (AC +5)
You cannot fit into any form of body armour.
You are cold-blooded and may be slowed by cold attacks.


Message History

The orc priest hits you.
You climb upwards.
There is a stone staircase leading down here.
You closely miss the orc priest.
The orc priest is moderately wounded.
The orc priest hits you.
You closely miss the orc priest.
The orc priest is moderately wounded.
The orc priest invokes the aid of Beogh against you.
Pain shoots through your body!
* * * LOW HITPOINT WARNING * * *
You closely miss the orc priest.
The orc priest is moderately wounded.
The orc priest hits you.
* * * LOW HITPOINT WARNING * * *
You hit the orc priest.
The orc priest is moderately wounded.
The orc priest calls down the wrath of Beogh upon you.
Beogh smites you!
You die...

#.......#
##.)...#.......##..
#.......#
#..................
#.......#
#.####.#.....###.#.
#.......# #..........#.#
#.#† #########
#..........#.###.#.
#..........#.....#.
#..........#######.
####...##+###.##......
#.##.@o##.# #.###.####
######.##.(.##.###.###.#
#....#.##..............#
#....#.##....#####.#.#.##
#....#.##.##.# #......###
#....#.##.##)#####.........
#...............##.####...#
#....#.#####.............##
#....†.......>.###.###...##


You could see an orc priest.

Vanquished Creatures
  3 dart slugs
  A leopard gecko (D:1)
  An orc (D:2)
  4 giant cockroaches
  6 goblins
  6 hobgoblins
  2 quokkas (D:2)
  3 bats
  5 frilled lizards
  5 kobolds
  8 rats
44 creatures vanquished.

Notes
Turn   | Place    | Note
-------+----------+-------------------------------------------
     0 | Abyss:1  | miragecloak the Draconian Abyssal Knight began the quest for the Orb.
     0 | Abyss:1  | Reached XP level 1. HP: 19/19 MP: 2/2
     7 | D:1      | Escaped the Abyss
   276 | D:1      | Reached XP level 2. HP: 26/26 MP: 3/3
   310 | D:1      | Reached * piety under Lugonu
   914 | D:2      | Reached XP level 3. HP: 30/31 MP: 5/5
  1980 | D:2      | Killed from afar by an orc priest

Skill      XL: |  1  2  3 |
---------------+----------+-----
Maces & Flails | 3 |  3.4
Invocations    | 3 |  3.0
Fighting       | |  3.2
Dodging        | |  2.1

Action                   || total
-------------------------++-------
Melee: Mace              ||   129
       Tailslap          ||     7
Invok: Depart the Abyss  ||     1
 Stab: Distracted        ||     2
  Eat: Chunk             ||     3
Armor: Skin              ||    51
Dodge: Dodged            ||   111
